 Dungeon Crawl Stone Soup version 0.23-a0-143-g1adec7b (webtiles) character file.

210274 mopl the Phalangite (level 18, -1/144 HPs)
             Began as a Merfolk Abyssal Knight on Sept 6, 2018.
             Was the Champion of Lugonu.
             Killed from afar by a shock serpent (22 damage)
             ... with a bolt of electricity
             ... on level 2 of the Snake Pit.
             The game lasted 01:29:06 (42548 turns).

mopl the Phalangite (Merfolk Abyssal Knight)       Turns: 42548, Time: 01:29:09

Health: -1/144     AC: 14    Str: 17    XL:     18   Next: 85%
Magic:  38/38      EV: 23    Int: 12    God:    Lugonu [******]
Gold:   2319       SH:  0    Dex: 16    Spells: 10/17 levels left

rFire    . . .     SeeInvis +   a - +12 glaive of Prune {chop}
rCold    . . .     Gourm    .   (shield currently unavailable)
rNeg     . . .     Faith    +   G - +0 troll leather armour
rPois    +         Spirit   .   O - +0 helmet of Unreason {MP+9 SInv}
rElec    .         Reflect  .   y - scarf {repulsion}
rCorr    .         Harm     .   o - +0 pair of gloves
MR       +....                  r - +0 pair of boots
Stlth    +.........             C - amulet of faith {!P}
HPRegen  0.74/turn              R - ring of poison resistance
MPRegen  0.26/turn              M - +6 ring of protection {=R}

@: lethally poisoned (-1 -> -2), repel missiles
A: change form in water, swift swim, stealthy swim
}: 1/15 runes: decaying
a: Depart the Abyss, Bend Space, Banish, Corrupt, Enter the Abyss, Brand Weapon
With Distortion, Renounce Religion


You were on level 2 of the Snake Pit.
You worshipped Lugonu.
Lugonu was exalted by your worship.
You were not hungry.

You visited 5 branches of the dungeon, and saw 29 of its levels.
You visited the Abyss 2 times.
You also visited: Labyrinth and Volcano.

You collected 3099 gold pieces.
You spent 780 gold pieces at shops.

Inventory:

Hand Weapons
 a - the +12 glaive of Prune (weapon) {chop}
   (You found it on level 6 of the Lair of Beasts)

   It inflicts extra damage upon your enemies.
 b - a +1 glaive of flaming
Missiles
 n - 5 poisoned tomahawks
 p - 18 javelins of returning
 u - 55 tomahawks (quivered)
 z - 4 tomahawks of dispersal
 Z - 4 throwing nets
Armour
 o - a +0 pair of gloves (worn)
 r - a +0 pair of boots (worn)
 y - a scarf of repulsion (worn)
 G - a +0 troll leather armour (worn)
 N - a +4 chain mail of fire resistance
 O - the +0 helmet of Unreason (worn) {MP+9 SInv}
   (You found it on level 2 of the Lair of Beasts)

   It affects your magic capacity (+9).
   It lets you see invisible.
Jewellery
 t - an uncursed ring of positive energy
 C - an amulet of faith (around neck) {!P}
 D - an uncursed amulet of magic regeneration {unknown}
 M - a +6 ring of protection (right hand) {=R}
 R - a ring of poison resistance (left hand)
 Y - an uncursed ring of protection from cold
Wands
 q - a wand of enslavement (12)
 w - a wand of disintegration (28)
 E - a wand of polymorph (13)
 P - a wand of digging (23)
 Q - a wand of paralysis (62)
 T - a wand of flame (20)
 W - a wand of iceblast (5)
Scrolls
 e - 16 scrolls of remove curse
 h - 6 scrolls of enchant weapon {unknown}
 i - 4 scrolls of blinking
 j - 8 scrolls of magic mapping
 k - 7 scrolls of fog
 l - 2 scrolls of fear
 v - 6 scrolls of amnesia {unknown}
 B - 3 scrolls of summoning
 K - 10 scrolls of teleportation
 U - a scroll of immolation
 X - a scroll of torment {!r}
Potions
 d - 5 potions of ambrosia
 f - 4 potions of heal wounds
 g - 7 potions of curing
 m - 4 potions of might
 s - 3 potions of cancellation
 x - 2 potions of resistance
 A - 6 potions of invisibility
 F - 2 potions of mutation {!q}
 H - 3 potions of flight
 I - 3 potions of lignification {!q}
 J - 7 potions of agility
 L - 2 potions of berserk rage {!q}
 S - 2 potions of haste
Comestibles
 c - 38 rations


   Skills:
 + Level 13.5 Fighting
 + Level 21.3 Polearms
 + Level 12.3 Throwing
 - Level 4.2 Armour
 + Level 15.5 Dodging
 + Level 3.7 Charms
 - Level 5.0 Necromancy
 + Level 2.3 Translocations
 - Level 15.0 Invocations
 - Level 10.0 Evocations


You had 10 spell levels left.
You knew the following spells:

 Your Spells              Type           Power        Failure   Level  Hunger
a - Apportation           Tloc           #.....       16%         1    ##.....
c - Corpse Rot            Necr           N/A          8%          2    ###....
r - Regeneration          Chrm/Necr      ##........   21%         3    ####...
x - Animate Skeleton      Necr           N/A          4%          1    ##.....

Your spell library contained the following spells:

 Spells                   Type           Power        Failure   Level  Hunger
 Pain                     Necr           ##..         4%          1    ##.....
 Sublimation of Blood     Necr           ##........   8%          2    ###....
 Vampiric Draining        Necr           ##........   16%         3    ####...
 Beastly Appendage        Tmut           #.....       36%         1    ##.....
 Confusing Touch          Hex            #.....       36%         1    ##.....
 Freeze                   Ice            #...         36%         1    ##.....
 Summon Butterflies       Summ           #.......     36%         1    ##.....
 Summon Small Mammal      Summ           #...         36%         1    ##.....
 Animate Dead             Necr           N/A          45%         4    #####..
 Ozocubu's Armour         Chrm/Ice       #.......     50%         3    ####...
 Passwall                 Tmut/Erth      #.......     52%         2    ###....
 Poisonous Vapours        Pois/Air       #.....       52%         2    ###....
 Sticks to Snakes         Tmut           #.......     52%         2    ###....
 Throw Frost              Conj/Ice       #.....       52%         2    ###....
 Call Canine Familiar     Summ           #.......     75%         3    ####...
 Conjure Flame            Conj/Fire      #.......     75%         3    ####...
 Ignite Poison            Fire/Tmut/Pois #.......     75%         3    ####...
 Mephitic Cloud           Conj/Pois/Air  #.......     75%         3    ####...
 Spider Form              Tmut/Pois      #.........   75%         3    ####...
 Stone Arrow              Conj/Erth      #.....       75%         3    ####...
 Ice Form                 Ice/Tmut       #.......     98%         4    #####..
 Leda's Liquefaction      Hex/Erth       #.........   98%         4    #####..
 Petrify                  Tmut/Erth      #.......     98%         4    #####..
 Summon Ice Beast         Ice/Summ       #.......     98%         4    #####..
 Throw Icicle             Conj/Ice       #.......     98%         4    #####..
 Alistair's Intoxication  Tmut/Pois      #.......     100%        5    ######.
 Blade Hands              Tmut           #.........   100%        5    ######.
 Irradiate                Conj/Tmut      #.........   100%        5    ######.
 Summon Forest            Summ/Tloc      #.........   100%        5    ######.
 Summon Mana Viper        Hex/Summ       #.......     100%        5    ######.
 Yara's Violent Unravell  Hex/Tmut       #.........   100%        5    ######.
 Freezing Cloud           Conj/Ice/Air   #.........   100%        6    #######
 Hydra Form               Tmut           #.........   100%        6    #######
 Statue Form              Tmut/Erth      #........    100%        6    #######
 Ring of Flames           Chrm/Fire      #.........   100%        7    #######
 Summon Hydra             Summ           #.........   100%        7    #######


Dungeon Overview and Level Annotations

Branches:
Dungeon (15/15)            Temple (0/1) D:7            Lair (6/6) D:10
  Swamp (4/4) Lair:2        Snake (2/4) Lair:2        Slime (0/5) Lair:6
    Orc (2/2) D:10            Elf (0/3) Orc:2        Vaults (0/5) D:14
 Depths (0/5) D:15

Altars:
Dithmenos
Elyvilon
Fedhas
Gozag
Kikubaaqudgha
Makhleb
Nemelex Xobeh
Ru
Sif Muna
Trog
Vehumet
Xom
Yredelemnul
Zin
Beogh

Shops:
D:6 *   D:8 !   Orc:1 %   Orc:2 *=(*[   Snake:1 =

Portals:
Trove: D:10 (show abyssal rune of Zot)

Annotations:
Lair:6 exclusion: oklob plant


Message History

Press: ? - help, Dir - move target cursor, f - shock serpent, p - nagaraja
Aim: a shock serpent You reach to attack!
You slash the shock serpent!
The shock serpent is moderately wounded.
The shock serpent's electric aura discharges, shocking you!
The shock serpent shoots out a bolt of lightning at you!
The bolt of electricity hits you!
* * * LOW HITPOINT WARNING * * *
The nagaraja mumbles some strange words.
The nagaraja seems to speed up.
Attack whom?
Press: ? - help, Dir - move target cursor, f/p - shock serpent
Aim: a shock serpent (moderately wounded)
You reach to attack!
You slice the shock serpent!!
The shock serpent is almost dead.
The shock serpent's electric aura discharges violently, shocking you!
* * * LOW HITPOINT WARNING * * *
The shock serpent shoots out a bolt of lightning at you!
The bolt of electricity hits you!
You die...

#.<###........####....###...##
# #..##..........##...###
#..## ##
#...#.....#####....(#####..#
.###...#.....##
####..(......###
.............N# #...##....##.
#..........##.##
##.#########..
#........#####S## #..# #..
...####### ##.####.## ##. ..##
##@.##..## ## .##
##.....[##### # ##
#....##).).### #
#####....#####...#### #
.........# ##N..##. #
###......# ##..... ##
###...#..# #...... .##
........## ##..##.. ..##
####.....#####..#####


You could see a nagaraja and a shock serpent.

Vanquished Creatures
  the Lernaean hydra (Swamp:4)
  Frances (Snake:2)
  4 thorn hunters
  A nagaraja (Snake:2)
  Roxanne (Snake:2)
  2 orc warlords (Orc:2)
  The ghost of WinstonMain the Brawler, a journeyman TrFi of Jiyva (Orc:2)
  A stone giant (Orc:2)
  A minotaur (Lab)
  A yaktaur captain (D:15)
  19 hydras
  4 naga warriors
  4 catoblepae (Lair:6)
  3 ghost crabs (Swamp:4)
  The ghost of TheNamelessOne the Slicer, a journeyman KoFi of Uskayaw (D:10)
  6 anacondas
  2 dancing weapons (D:14)
  13 alligators
  2 centaur warriors (D:15)
  A death knight (D:14)
  10 two-headed ogres
  An ogre mage (Volcano)
  Erica (Lair:2)
  An orc high priest (Orc:2)
  17 death yaks
  5 naga sharpshooters
  Nergalle (Lair:4)
  4 shock serpents
  A sea snake (Snake:1)
  2 unseen horrors
  2 salamander mystics (Snake:2)
  A death drake (shapeshifter) (D:13)
  2 spriggan druids
  An orange crystal statue (Snake:1)
  13 swamp dragons
  A wizard (D:15)
  2 naga ritualists (Snake:1)
  A shambling mangrove (Lair:2)
  4 deep elf magi
  2 wolf spider zombies
  A lindwurm (Lair:3)
  8 mana vipers
  3 orc sorcerers (Orc:2)
  4 ugly things
  4 orc knights
  3 manticores
  A cyclops (D:15)
  A salamander (shapeshifter) (D:14)
  8 salamanders
  25 black mambas
  A guardian serpent (Snake:2)
  Psyche (D:9)
  A guardian serpent (shapeshifter) (D:13)
  A smoke demon (Abyss:1)
  6 naga magi
  A torpor snail (Lair:6)
  11 spiny frogs
  Joseph (D:7)
  2 gargoyles
  A rime drake (shapeshifter) (D:10)
  5 kobold demonologists
  3 yaktaurs (D:15)
  A freezing wraith (D:15)
  8 komodo dragons
  A redback zombie (D:14)
  3 rime drakes
  A hellwing (Abyss:1)
  5 trolls
  9 hornets
  A harpy skeleton (D:15)
  10 tyrant leeches
  2 polar bears
  4 bog bodies
  13 blink frogs
  13 hippogriffs
  5 dream sheep (Lair:6)
  5 slime creatures (Swamp:4)
  A redback (Lab)
  3 vampires
  5 shadows
  4 wraiths
  9 spriggans
  A wyvern (D:13)
  A basilisk (D:12)
  4 fire bats (Volcano)
  A human (D:3)
  39 yaks
  A redback simulacrum (D:13)
  A hungry ghost (D:14)
  19 vampire mosquitoes
  6 wargs
  9 insubstantial wisps
  20 nagas
  10 water moccasins
  11 swamp worms
  10 porcupines
  12 swamp drakes
  28 orc warriors
  4 ice beasts
  2 sky beasts
  2 black bears (D:10)
  A phantom (D:6)
  3 necrophages
  2 eyes of draining
  14 ogres
  16 centaurs
  8 crocodiles
  A small abomination (Abyss:1)
  4 big kobolds
  19 bullfrogs
  A wyvern skeleton (D:14)
  9 scorpions
  11 wights
  2 electric eels
  9 crimson imps
  6 lava snakes (Volcano)
  A quasit (D:5)
  3 centaur zombies
  2 hounds
  14 orc priests
  2 jellies
  4 centaur skeletons
  A gnoll shaman (D:4)
  17 orc wizards
  3 bullfrog skeletons
  12 worker ants
  2 iguanas
  A killer bee zombie (D:8)
  A howler monkey zombie (D:8)
  3 mummies
  A worker ant zombie (D:5)
  11 gnolls
  16 adders
  2 howler monkey skeletons
  5 shadow imps
  2 oozes
  An adder skeleton (D:5)
  3 worms
  2 dart slugs
  5 leopard geckos
  80 orcs
  12 bats
  9 giant cockroaches
  9 goblins
  3 hobgoblins
  14 jackals
  27 kobolds
  7 quokkas
  A ball python (D:1)
  6 frilled lizards
  A hobgoblin zombie (D:7)
  A kobold zombie (D:3)
  3 orc zombies (D:7)
  6 rats
  A briar patch (Swamp:3)
917 creatures vanquished.

Vanquished Creatures (collateral kills)
  Rupert (Lair:4)
  2 hydras (Swamp:4)
3 creatures vanquished.

Vanquished Creatures (others)
  A red draconian (Volcano)
  A yaktaur captain (D:10)
  2 hydras
  A deep troll earth mage (D:10)
  A manticore (D:11)
  A spiny frog (Lair:6)
  2 gargoyles (D:10)
  A blink frog (Swamp:4)
  5 hungry ghosts
  An orc wizard (D:7)
  A briar patch (Swamp:3)
  11 fungi
  20 plants
48 creatures vanquished.

Grand Total: 968 creatures vanquished

Notes
Turn   | Place    | Note
-------+----------+-------------------------------------------
     0 | Abyss:1  | mopl the Merfolk Abyssal Knight began the quest for the
                  | Orb.
     0 | Abyss:1  | Reached XP level 1. HP: 18/18 MP: 2/2
    55 | Abyss:1  | Noticed a small abomination
    69 | Abyss:1  | Noticed a ynoxinul
    89 | D:1      | Escaped the Abyss
   161 | D:1      | Reached XP level 2. HP: 19/24 MP: 3/3
   165 | D:1      | Reached * piety under Lugonu
   241 | D:1      | Reached skill level 4 in Polearms
   347 | D:1      | You fall through a shaft!
   352 | D:2      | Reached XP level 3. HP: 23/29 MP: 4/4
   513 | D:1      | Reached skill level 5 in Polearms
   943 | D:2      | Noticed a hungry ghost
  1201 | D:2      | Reached skill level 3 in Invocations
  1203 | D:2      | Found a bloodstained altar of Trog.
  1240 | D:2      | Reached XP level 4. HP: 35/35 MP: 6/6
  1551 | D:2      | Reached ** piety under Lugonu
  1650 | D:2      | Found an opulent altar of Gozag.
  2022 | D:3      | Reached skill level 6 in Polearms
  2032 | D:3      | Found a runed door.
  2032 | D:3      | Noticed a human
  2045 | D:3      | Reached XP level 5. HP: 27/41 MP: 7/7
  2303 | D:3      | Found a basalt altar of Yredelemnul.
  2334 | D:3      | Killed a human
  2334 | D:3      | Reached skill level 7 in Polearms
  2334 | D:3      | Reached skill level 4 in Invocations
  2334 | D:3      | Reached XP level 6. HP: 23/47 MP: 7/9
  2856 | D:4      | Reached skill level 8 in Polearms
  3318 | D:4      | Found a sacrificial altar of Ru.
  3391 | D:4      | Reached XP level 7. HP: 52/52 MP: 10/10
  3420 | D:4      | Reached skill level 9 in Polearms
  3425 | D:4      | Reached skill level 5 in Invocations
  3498 | D:4      | Reached *** piety under Lugonu
  4118 | D:5      | Entered Level 5 of the Dungeon
  4161 | D:5      | Reached skill level 10 in Polearms
  4363 | D:5      | Reached XP level 8. HP: 52/58 MP: 12/12
  4464 | D:5      | Reached skill level 3 in Dodging
  4841 | D:5      | Found a deep blue altar of Sif Muna.
  4852 | D:5      | Reached skill level 11 in Polearms
  4852 | D:5      | Reached skill level 1 in Throwing
  4852 | D:5      | Reached skill level 6 in Invocations
  5227 | D:6      | Found Duas's General Store.
  5240 | D:6      | Bought a scroll of remove curse for 33 gold pieces
  5240 | D:6      | Bought a scroll of enchant armour for 82 gold pieces
  5309 | D:6      | Reached skill level 4 in Fighting
  5559 | D:6      | Reached skill level 4 in Dodging
  5573 | D:6      | Reached skill level 2 in Throwing
  6087 | D:6      | Reached XP level 9. HP: 66/66 MP: 13/13
  6124 | D:6      | Learned a level 1 spell: Apportation
  6126 | D:6      | Learned a level 1 spell: Animate Skeleton
  6429 | D:6      | Found a sparkling altar of Nemelex Xobeh.
  6503 | D:6      | Reached skill level 12 in Polearms
  6724 | D:7      | Reached **** piety under Lugonu
  6775 | D:7      | Noticed Joseph
  7183 | D:7      | Reached skill level 5 in Dodging
  7210 | D:6      | Reached skill level 5 in Fighting
  7210 | D:6      | Reached skill level 3 in Throwing
  7708 | D:7      | Reached skill level 7 in Invocations
  8067 | D:7      | Killed Joseph
  8067 | D:7      | Reached skill level 13 in Polearms
  8067 | D:7      | Reached skill level 6 in Dodging
  8376 | D:7      | Reached skill level 4 in Throwing
  8376 | D:7      | Reached XP level 10. HP: 75/75 MP: 15/15
  8403 | D:7      | Found a staircase to the Ecumenical Temple.
  8537 | D:8      | Found Hoeschafo's Distillery.
  8543 | D:8      | Bought a potion of degeneration for 12 gold pieces
  8543 | D:8      | Bought a potion of invisibility for 96 gold pieces
  8543 | D:8      | Bought a potion of flight for 36 gold pieces
  8886 | D:8      | Reached skill level 6 in Fighting
  9267 | D:8      | Reached skill level 14 in Polearms
  9315 | D:8      | Bought a potion of heal wounds for 60 gold pieces
  9346 | D:9      | Found a shimmering altar of Xom.
  9350 | D:9      | Found a basalt altar of Yredelemnul.
  9353 | D:9      | Found a white marble altar of Elyvilon.
  9353 | D:9      | Found a radiant altar of Vehumet.
  9501 | D:9      | Reached skill level 7 in Dodging
  9550 | D:9      | Reached ***** piety under Lugonu
  9588 | D:9      | Found a bloodstained altar of Trog.
  9597 | D:9      | Noticed Psyche
  9610 | D:9      | Killed Psyche
  9610 | D:9      | Reached skill level 8 in Invocations
  9739 | D:9      | Found an ancient bone altar of Kikubaaqudgha.
  9794 | D:9      | Found a shadowy altar of Dithmenos.
  9848 | D:9      | Reached skill level 5 in Throwing
 10035 | D:9      | Found a blossoming altar of Fedhas.
 10247 | D:10     | Entered Level 10 of the Dungeon
 10266 | D:10     | Noticed a gargoyle
 10284 | D:10     | Banished a gargoyle
 10284 | D:10     | Reached skill level 1 in Evocations
 10298 | D:10     | Found a staircase to the Lair.
 10405 | D:10     | Noticed a gargoyle
 10421 | D:10     | Reached skill level 2 in Evocations
 10436 | D:9      | Reached skill level 7 in Fighting
 10439 | D:9      | Reached skill level 8 in Dodging
 10607 | D:10     | Banished a gargoyle
 10607 | D:10     | Reached XP level 11. HP: 84/84 MP: 17/17
 10742 | D:10     | Noticed a deep elf mage
 10761 | D:10     | Killed a deep elf mage
 11070 | D:10     | Found a runed door.
 11093 | D:10     | Noticed TheNamelessOne's ghost (journeyman KoFi)
 11110 | D:10     | Found a burning altar of Makhleb.
 11110 | D:10     | Found a sparkling altar of Nemelex Xobeh.
 11111 | D:10     | Noticed a deep elf mage
 11173 | D:9      | Killed a deep elf mage
 11173 | D:9      | Reached skill level 3 in Evocations
 11213 | D:10     | Reached skill level 6 in Throwing
 11305 | D:10     | Noticed a deep troll earth mage
 11306 | D:10     | Noticed a yaktaur captain
 11316 | D:10     | Banished a deep troll earth mage
 11316 | D:10     | Reached skill level 9 in Invocations
 11318 | D:10     | Banished a yaktaur captain
 11581 | D:10     | Found a staircase to the Orcish Mines.
 11873 | D:10     | Found a portal to a secret trove of treasure.
 11966 | D:11     | Noticed a manticore
 11991 | D:11     | Banished a manticore
 11991 | D:11     | Reached skill level 9 in Dodging
 12287 | D:11     | Noticed an orc knight
 12803 | D:11     | Killed an orc knight
 12803 | D:11     | Reached skill level 8 in Fighting
 12803 | D:11     | Reached skill level 4 in Evocations
 13811 | D:11     | Found a roughly hewn altar of Beogh.
 14065 | D:8      | Bought a potion of haste for 120 gold pieces
 14065 | D:8      | Bought 2 potions of curing for 72 gold pieces
 14065 | D:8      | Bought a potion of might for 48 gold pieces
 14121 | Lair:1   | Entered Level 1 of the Lair of Beasts
 14327 | Lair:1   | Reached XP level 12. HP: 45/93 MP: 19/19
 14405 | Lair:1   | Found a labyrinth entrance.
 14409 | Lab      | Entered a labyrinth
 14800 | Lab      | Noticed a minotaur
 14815 | Lab      | Killed a minotaur
 14815 | Lab      | Reached skill level 15 in Polearms
 14815 | Lab      | Reached skill level 7 in Throwing
 14839 | Lab      | Learned a level 2 spell: Corpse Rot
 15259 | Lair:1   | Reached skill level 5 in Evocations
 15931 | Lair:2   | Reached skill level 10 in Dodging
 16172 | Lair:2   | Noticed Erica
 16185 | Lair:2   | Killed Erica
 16185 | Lair:2   | Reached skill level 10 in Invocations
 16304 | Lair:2   | Got a pitted helmet
 16469 | Lair:2   | Identified the +0 helmet of Unreason {MP+9 SInv} (You found
                  | it on level 2 of the Lair of Beasts)
 16733 | Lair:2   | Reached skill level 9 in Fighting
 16748 | Lair:2   | Found a staircase to the Snake Pit.
 17105 | Lair:2   | Found a staircase to the Swamp.
 17443 | Lair:3   | Noticed an eight-headed hydra
 17448 | Lair:3   | Banished an eight-headed hydra
 18379 | Lair:3   | Reached skill level 16 in Polearms
 19191 | Lair:3   | Noticed a death yak
 19191 | Lair:3   | Noticed a death yak
 19191 | Lair:3   | Noticed a death yak
 19191 | Lair:3   | Noticed a death yak
 19252 | Lair:2   | Killed a death yak
 19402 | Lair:3   | Noticed a death yak
 19461 | Lair:2   | Killed a death yak
 19461 | Lair:2   | Reached XP level 13. HP: 101/101 MP: 20/20
 19523 | Lair:2   | Reached skill level 6 in Evocations
 19803 | Lair:2   | Reached skill level 8 in Throwing
 20288 | Lair:4   | Noticed Nergalle
 20329 | Lair:3   | Got a pitted quarterstaff
 20334 | Lair:3   | Reached skill level 11 in Invocations
 20560 | Lair:4   | Killed Nergalle
 20560 | Lair:4   | Reached skill level 11 in Dodging
 21314 | Lair:4   | Identified the +6 quarterstaff "Darchos" {elec, Str+2 SInv}
                  | (You found it on level 3 of the Lair of Beasts)
 21382 | Lair:4   | Noticed Rupert
 21398 | Lair:4   | Killed Rupert
 21398 | Lair:4   | Reached skill level 17 in Polearms
 21564 | Lair:4   | Reached skill level 10 in Fighting
 23245 | Lair:6   | Entered Level 6 of the Lair of Beasts
 23246 | Lair:6   | Found a glowing silver altar of Zin.
 23306 | Lair:6   | Found a dark tunnel.
 23439 | Volcano  | Entered a volcano
 23677 | Volcano  | Reached skill level 7 in Evocations
 23797 | Volcano  | Noticed a red draconian
 23798 | Volcano  | Reached skill level 12 in Invocations
 23812 | Volcano  | Reached XP level 14. HP: 63/110 MP: 23/23
 23813 | Volcano  | Banished a red draconian
 24124 | Volcano  | Found a burning altar of Makhleb.
 24257 | Lair:6   | Reached skill level 9 in Throwing
 25148 | Lair:6   | Reached skill level 12 in Dodging
 25205 | Lair:6   | Reached skill level 18 in Polearms
 28121 | Lair:6   | Reached skill level 13 in Invocations
 28140 | Lair:6   | Found the +12 glaive of Prune {chop}
 28587 | Orc:1    | Entered Level 1 of the Orcish Mines
 28672 | Orc:1    | Found Ifoat's Food Emporium.
 28746 | Orc:2    | Entered Level 2 of the Orcish Mines
 28985 | Orc:2    | Reached skill level 8 in Evocations
 29014 | Orc:2    | Found a runed gate.
 29014 | Orc:2    | Found a runed gate.
 29014 | Orc:2    | Noticed an orc warlord
 29015 | Orc:2    | Found a runed gate.
 29050 | Orc:2    | Killed an orc warlord
 29390 | Orc:2    | Found a roughly hewn altar of Beogh.
 29410 | Orc:2    | Reached XP level 15. HP: 117/117 MP: 24/24
 29421 | Orc:2    | Reached skill level 11 in Fighting
 29594 | Orc:2    | Found Peumm's Antique Weapon Emporium.
 29965 | Orc:2    | Noticed WinstonMain's ghost (journeyman TrFi)
 29967 | Orc:2    | Found an opulent altar of Gozag.
 29968 | Orc:2    | Found Jihowo's Assorted Antiques.
 30015 | Orc:2    | Found Ritzy's Antique Armour Emporium.
 30054 | Orc:2    | Found Funkog's General Store.
 30096 | Orc:2    | Found Osej's Jewellery Emporium.
 30102 | Orc:2    | Bought a cursed ring of attention for 67 gold pieces
 30224 | Orc:2    | Found a staircase to the Elven Halls.
 30402 | Orc:1    | Noticed an orc warlord
 30578 | Orc:2    | Killed an orc warlord
 31287 | Orc:2    | Killed WinstonMain's ghost
 31335 | Orc:2    | Bought a scroll of fog for 44 gold pieces
 31335 | Orc:2    | Bought a gilded ring for 110 gold pieces
 31551 | D:12     | Reached ****** piety under Lugonu
 31564 | D:12     | Reached skill level 19 in Polearms
 31720 | D:12     | Reached skill level 4 in Armour
 31720 | D:12     | Reached XP level 16. HP: 125/125 MP: 26/26
 32417 | D:13     | Reached skill level 10 in Throwing
 32716 | D:14     | Reached skill level 13 in Dodging
 33257 | D:14     | Reached skill level 14 in Invocations
 33379 | D:14     | Learned a level 3 spell: Regeneration
 33429 | D:14     | Found a gate to the Vaults.
 33822 | D:15     | Entered Level 15 of the Dungeon
 34200 | D:15     | Reached skill level 9 in Evocations
 34452 | D:15     | Found a staircase to the Depths.
 34760 | D:10     | Killed TheNamelessOne's ghost
 34868 | Swamp:1  | Entered Level 1 of the Swamp
 35259 | Swamp:1  | Reached skill level 1 in Necromancy
 35259 | Swamp:1  | Reached XP level 17. HP: 126/133 MP: 27/27
 35866 | Swamp:2  | Reached skill level 20 in Polearms
 36052 | Swamp:2  | Reached skill level 12 in Fighting
 36135 | Swamp:2  | Reached skill level 2 in Necromancy
 36812 | Swamp:3  | Reached skill level 15 in Invocations
 37164 | Swamp:4  | Entered Level 4 of the Swamp
 37194 | Swamp:4  | Reached skill level 14 in Dodging
 37457 | Swamp:4  | Reached skill level 11 in Throwing
 37550 | Swamp:4  | Reached skill level 3 in Necromancy
 37748 | Swamp:4  | Reached skill level 10 in Evocations
 38897 | Swamp:4  | Noticed the 27-headed Lernaean hydra
 38915 | Swamp:4  | Reached skill level 4 in Necromancy
 39039 | Swamp:4  | Reached XP level 18. HP: 125/142 MP: 29/29
 39089 | Swamp:4  | Killed the 19-headed Lernaean hydra
 39269 | Swamp:4  | Got a decaying rune of Zot
 39565 | Snake:1  | Entered Level 1 of the Snake Pit
 40136 | Snake:1  | Reached skill level 13 in Fighting
 40200 | Snake:1  | Reached skill level 15 in Dodging
 40274 | Snake:1  | Found Gura's Jewellery Emporium.
 40304 | Snake:1  | Reached skill level 1 in Charms
 40316 | Snake:1  | Reached skill level 21 in Polearms
 40326 | Snake:1  | Reached skill level 5 in Necromancy
 40597 | Snake:1  | Reached skill level 2 in Charms
 40799 | Snake:2  | Reached skill level 12 in Throwing
 40975 | Snake:2  | Escaped the Abyss
 40988 | Snake:2  | Reached skill level 1 in Translocations
 41275 | Snake:2  | Noticed Roxanne
 41703 | Snake:2  | Reached skill level 3 in Charms
 41704 | Snake:2  | Noticed Frances
 41726 | Snake:2  | Killed Frances
 41893 | Snake:2  | Reached skill level 2 in Translocations
 42069 | Snake:2  | Found Eseiss's Jewellery Shoppe.
 42523 | Snake:2  | Killed Roxanne
 42525 | Snake:2  | Identified Roxanne's Incunabulum of Changing (You took it
                  | off Roxanne on level 2 of the Snake Pit)
 42548 | Snake:2  | Killed from afar by a shock serpent

Vault maps used:
D:1:      saegor_arrival_simple_b, st_stairs_6, minivault_11
D:2:      nicolae_overflow_hidden_temple, grunt_gozag_statues
D:3:      corexii_corridor_pit, dk_yredelemnul_ordeal
D:4:      lemuel_crystal_altar
D:5:      lemuel_doored_altar, first_ration, hangedman_abyss_or_decor_stagger,
          nicolae_sextant
D:6:      overflow_temple_1_default, serial_shops, shop, serial_corexii_hall,
          corexii_hall_statues_x, corexii_hall_statues_i,
          corexii_hall_statues_l, corexii_hall_statues_x
D:7:      minmay_temple_entry_fiery, minmay_mini_ossuary, uniq_joseph
D:8:      serial_shops, shop
D:9:      lemuel_round_altar, grunt_dithmenos_smoke_and_mirrors,
          grunt_temple_overflow_open, kennysheep_mini, trog_book, uniq_psyche
D:10:     due_lair_maze_entry_diamond, david_orc_2, serial_undead,
          serial_undead_d, serial_undead_a, serial_undead_f, serial_undead_e,
          nicolae_trove_entry_diagonal, hellmonk_ghost_happy_afterlife,
          jmf_multi_god_temple
D:11:     special_room
D:13:     grunt_ogre_cave
D:14:     erik_vaults_1, kennysheep_kite_vault
D:15:     grunt_enter_depths_snipers, kennysheep_flooded_box,
          hangedman_abyss_or_decor_stabs
Lair:1:   lab_entry_generic, nicolae_quartered_pool_medium, lemuel_fruit_tree
Lair:2:   swamp_mist_pool, minmay_snake_entry_guardpost_small, uniq_erica
Lair:4:   minmay_lair_drake_nest, uniq_nergalle, uniq_rupert
Lair:5:   cheibrodos_lair_caveside_slide, serial_bayou_ford_a
Lair:6:   evilmike_catoblepas_cave, minmay_slime_entry_oklob_enclosed,
          basic_altar, enter_volcano_4
Swamp:1:  evilmike_swamp_ruin_house_6
Swamp:2:  serial_swamp_ruin, evilmike_swamp_ruin_house_2,
          evilmike_swamp_ruin_rubble_1, swamp_pool2
Swamp:3:  evilmike_swamp_ruin_house_5
Swamp:4:  swamp_old_school, infiniplex_staircase_pool
Snake:1:  dpeg_stationary_puzzle, serial_bayou_shore_a, minmay_shop_star,
          grunt_megastairs_2
Snake:2:  serial_shops, shop, st_stairs_9, uniq_frances, uniq_roxanne
Orc:1:    serial_shops, shop
Orc:2:    grunt_orc_cross, ebering_ghost_gozag
Lab:      labyrinth_spiral, nicolae_lab_hexagon, nicolae_lab_stuck,
          nicolae_lab_dead_end, nicolae_lab_flowing_pool, nicolae_lab_garden,
          nicolae_lab_very_dead_end, nicolae_lab_arrow, lab_statue,
          labyrinth_skeletal_remains, nicolae_lab_grate, nicolae_lab_plus,
          labyrinth_lava_lair, nicolae_lab_quarters
Volcano:  volcano_grotto

Skill      XL: |  1  2  3  4  5  6  7  8  9 10 11 12 13 14 15 16 17 18 |
---------------+-------------------------------------------------------+-----
Polearms       | 4 5 6 7 8 10 11 13 14 16 17 18 19 20 21 | 21.3
Invocations    | 3 4 5 6 7 8 9 10 12 13 14 15 | 15.0
Dodging        | 4 6 8 9 10 11 12 13 14 15 | 15.5
Throwing       | 2 4 5 6 7 8 9 10 11 12 | 12.3
Fighting       | 4 5 7 8 9 10 11 12 13 | 13.5
Evocations     | 2 4 5 7 8 9 10 | 10.0
Armour         | 4 |  4.2
Necromancy     | 1 4 5 |  5.0
Charms         | 3 |  3.7
Translocations | 2 |  2.3

Action                   |  1- 3 |  4- 6 |  7- 9 | 10-12 | 13-15 | 16-18 || total
-------------------------+-------+-------+-------+-------+-------+-------++-------
Melee: Spear             |   119 |   246 |   571 |  1176 |   721 |       ||  2833
       Glaive            |       |       |       |    62 |   377 |  1317 ||  1756
       Tailslap          |       |       |       |       |       |    19 ||    19
Throw: Tomahawk          |       |       |     3 |    19 |    48 |    44 ||   114
 Cast: Regeneration      |       |       |       |       |       |     1 ||     1
Invok: Depart the Abyss  |     1 |       |       |       |       |       ||     1
       Banish            |       |       |     2 |    16 |     5 |       ||    23
       Bend Space        |       |       |       |     2 |     5 |     6 ||    13
       Enter the Abyss   |       |       |       |       |       |     1 ||     1
Evoke: Wand              |       |       |       |    17 |    25 |    11 ||    53
       Sack of spiders   |       |       |       |       |     4 |       ||     4
  Use: Scroll            |       |     5 |     2 |    11 |     5 |     7 ||    30
       Potion            |       |     1 |       |     2 |     2 |     3 ||     8
 Stab: Paralysed         |       |       |       |     8 |    10 |       ||    18
       Petrified         |       |       |       |       |     3 |       ||     3
       Distracted        |       |       |       |       |       |     5 ||     5
  Eat: Chunk             |     1 |     7 |    17 |    27 |    29 |    26 ||   107
       Ration            |       |       |       |     4 |     3 |     3 ||    10
Armor: Leather armour    |     2 |       |       |       |       |       ||     2
       Ring mail         |    20 |    53 |   105 |   160 |   142 |       ||   480
       Troll leather arm |       |       |       |       |     1 |   129 ||   130
Dodge: Dodged            |    60 |    72 |   168 |   374 |   453 |   923 ||  2050
       Deflected         |       |       |       |       |     8 |    41 ||    49

Table legend:
 A = Non-vault XP
 B = Vault XP
 C = Vault XP percentage of total XP
 D = Non-vault monster count
 E = Vault monster count
 F = Vault count percentage of total count
                 A         B        C        D         E       F
            +---------+---------+-------+---------+---------+-------
      Total |  179072 |   81298 |  31.2 |     722 |     213 |  22.8
            +---------+---------+-------+---------+---------+-------
        D:1 |      39 |       1 |   2.5 |      22 |       1 |   4.3
        D:2 |     191 |       0 |   0.0 |      29 |       0 |   0.0
        D:3 |     161 |     197 |  55.0 |      29 |       2 |   6.5
        D:4 |     491 |       0 |   0.0 |      24 |       0 |   0.0
        D:5 |     801 |       0 |   0.0 |      24 |       0 |   0.0
        D:6 |    1481 |       0 |   0.0 |      26 |       0 |   0.0
        D:7 |     863 |     443 |  33.9 |      31 |       6 |  16.2
        D:8 |    1663 |       0 |   0.0 |      26 |       0 |   0.0
        D:9 |     671 |    1368 |  67.1 |      14 |       6 |  30.0
       D:10 |    1516 |    3993 |  72.5 |       9 |      26 |  74.3
       D:11 |    2291 |    1586 |  40.9 |      22 |      22 |  50.0
       D:12 |    4388 |       0 |   0.0 |      26 |       0 |   0.0
       D:13 |    4929 |     910 |  15.6 |      27 |       1 |   3.6
       D:14 |    4694 |    5936 |  55.8 |      19 |      17 |  47.2
       D:15 |   11333 |    2553 |  18.4 |      48 |       3 |   5.9
     Lair:1 |    3513 |       0 |   0.0 |      18 |       0 |   0.0
     Lair:2 |    9181 |    1353 |  12.8 |      21 |       4 |  16.0
     Lair:3 |    4539 |       0 |   0.0 |      16 |       0 |   0.0
     Lair:4 |    8106 |    3415 |  29.6 |      20 |       4 |  16.7
     Lair:5 |    3652 |       0 |   0.0 |      13 |       0 |   0.0
     Lair:6 |    9914 |   10926 |  52.4 |      27 |      23 |  46.0
    Swamp:1 |    8384 |       0 |   0.0 |      21 |       0 |   0.0
    Swamp:2 |   14443 |       0 |   0.0 |      28 |       0 |   0.0
    Swamp:3 |   11208 |       0 |   0.0 |      23 |       0 |   0.0
    Swamp:4 |   21155 |   20459 |  49.2 |      48 |      26 |  35.1
    Snake:1 |   21533 |    4449 |  17.1 |      41 |       9 |  18.0
    Snake:2 |   21325 |    4275 |  16.7 |      38 |       3 |   7.3
      Orc:1 |     928 |       0 |   0.0 |       8 |       0 |   0.0
      Orc:2 |    4813 |   10796 |  69.2 |      20 |      39 |  66.1
    Abyss:1 |     866 |       0 |   0.0 |       4 |       0 |   0.0
        Lab |       0 |    1608 | 100.0 |       0 |       4 | 100.0
    Volcano |       0 |    7030 | 100.0 |       0 |      17 | 100.0
            +---------+---------+-------+---------+---------+-------
